AoeStats
← JamesNewstedd

MegaRandom

504987328Analyzed
1v1 RM · 24d ago on Sep 7, 2026· 32m 11s· 2 players
Game mode
Random Map
Map size
Tiny (2 player)
Population
200
Speed
Normal
Resources
Standard
Victory
Conquest
Starting age
Dark Age
Ending age
Imperial Age
RankedLock teamsTeams togetherTeam positionsShared explorationLock speedFull tech treeHidden civsTurbo modeCheats
Victory
Defeat
🇩🇪 Sicilians · Germany
1767
+15
🇪🇸 Spanish · Spain
1746
-15
DS_Maulet
6:11 Loom
8:59 Feudal Age
9:43 Double-Bit Axe
9:52 Horse Collar
20:41 Wheelbarrow
23:55 Castle Age
22:24 Stone Mining
22:33 Gold Mining
24:21 Padded Archer Armor
24:48 Bow Saw
24:53 Bloodlines
25:17 Leather Archer Armor
25:04 Husbandry
31:25 Fletching
JamesNewstedd
8:34 Loom
10:25 Feudal Age
8:42 Loom
12:55 Horse Collar
13:04 Double-Bit Axe
19:17 Gold Mining
23:31 Castle Age
23:24 Wheelbarrow
24:35 Bow Saw
24:42 Bow Saw
24:50 Fletching
26:28 Scale Mail Armor
27:17 Town Watch
Connection lost

Rejoining the realm…

Still unreachable

The connection could not be restored.

Session expired

The server has moved on; the page needs a fresh start.